 Dungeon Crawl Stone Soup version 0.30-a0-930-gb9d0489357 (webtiles) character file.

Game seed: 8094887711478975765

1712 12sPaWn12 the Cudgeller (level 9, -4/54 HPs)
             Began as a Gargoyle Fighter on Mar 23, 2023.
             Was a Follower of Zin.
             Slain by a gnoll sergeant
             ... wielding a +2 vampiric trident
              (8 damage)
             ... on level 6 of the Dungeon.
             The game lasted 00:11:22 (5134 turns).

12sPaWn12 the Cudgeller (Gargoyle Fighter)          Turns: 5134, Time: 00:11:23

Health: -4/54      AC: 15    Str: 25    XL:     9   Next: 4%
Magic:  9/9        EV: 11    Int:  8    God:    Zin [*.....]
Gold:   224        SH:  5    Dex: 12    Spells: 8/8 levels left

rFire   . . .      SeeInvis .    a - +0 flail
rCold   . . .      Faith    .    c - +0 buckler
rNeg    + . .      Spirit   .    b - +0 scale mail
rPois   ∞          Reflect  .    t - +0 helmet
rElec   +          Rampage  .    (no cloak)
rCorr   .                        (no gloves)
Will    +....                    (no boots) Stlth
                                 k - amulet "Buduf" {Regen+ Dex+3}
HPRegen 1.09/turn                y - ring of willpower
MPRegen 0.11/turn                (no ring)

@: no status effects
A: sickness immunity, AC +6, negative energy resistance 1, electricity
resistance, torment resistance 1, petrification resistance
a: Renounce Religion, Recite, Donate Gold


You were on level 6 of the Dungeon.
You worshipped Zin.
Zin was aware of your devotion.
You visited 2 branches of the dungeon, and saw 7 of its levels.
You also visited: Sewer.

You collected 248 gold pieces.
You donated 24 gold pieces to Zin.

Inventory:

Hand Weapons
 a - a +0 flail (weapon)
Missiles
 C - 2 throwing nets (quivered)
Armour
 b - a +0 scale mail (worn)
 c - a +0 buckler (worn)
 t - a +0 helmet (worn)
Jewellery
 k - the amulet "Buduf" (around neck) {Regen+ Dex+3}
   (You found it on level 2 of the Dungeon)

   [amulet of regeneration]

   Dex:       It affects your dexterity (+3).
   Regen:     It increases your rate of health regeneration.
 u - a ring of flight
 y - a ring of willpower (left hand)
 D - a ring of magical power
Scrolls
 e - a scroll of identify
 g - a scroll of enchant weapon {unknown}
 i - a scroll of poison {unknown}
 j - 4 scrolls of fear {unknown}
 l - 4 scrolls of immolation {unknown}
 m - 2 scrolls of butterflies {unknown}
 n - a scroll of blinking {unknown}
 r - a scroll of fog {unknown}
 v - a scroll of magic mapping
 w - a scroll of amnesia {unknown}
 A - a scroll of vulnerability {unknown}
Potions
 d - a potion of might
 h - 3 potions of lignification
 o - a potion of magic
 p - a potion of invisibility {unknown}
 q - 2 potions of heal wounds {unknown}
 s - 2 potions of flight {unknown}
 x - a potion of attraction {unknown}
 z - 2 potions of ambrosia {unknown}
 B - a potion of berserk rage {unknown}


   Skills:
 * Level 5.5 Fighting
 * Level 7.1 Maces & Flails
 * Level 6.9 Armour
 * Level 3.1 Dodging
 * Level 5.3 Shields


You had 8 spell levels left.
You didn't know any spells.
Your spell library contained the following spells:

 Spells                   Type           Power      Damage    Failure   Level
 Ignite Poison            Fire/Tmut/Pois 0%         N/A       98%         3
 Kindle Blastsparks       Fire/Tloc/Air  0%         2d10      98%         3
 Stone Arrow              Conj/Erth      0%         3d7       98%         3
 Vhi's Electric Charge    Tloc/Air       0%         N/A       98%         3
 Animate Armour           Summ/Erth      0%         N/A       100%        4
 Arcjolt                  Conj/Air       0%         1d10      100%        5
 Freezing Cloud           Conj/Ice/Air   0%         6-21      100%        5
 Lehudib's Crystal Spear  Conj/Erth      0%         10d2      100%        8
 Maxwell's Capacitive Co  Air            0%         ∞         100%        8


Dungeon Overview and Level Annotations

Branches:
Dungeon (6/15)             Temple (1/1) D:6           Sewer (visited)

Altars:
Ashenzari
Cheibriados
Dithmenos
Elyvilon
Gozag
Hepliaklqana
Kikubaaqudgha
Makhleb
Nemelex Xobeh
Okawaru
Ru
Sif Muna
Trog
Uskayaw
Vehumet
Wu Jian
Xom
Yredelemnul
Zin
The Shining One


Innate Abilities, Weirdness & Mutations

You are immune to sickness and miasma.
Your stone body is resilient. (AC +6)
You are immune to poison.
You resist negative energy. (rN+)
You are resistant to electric shocks. (rElec)
You are resistant to unholy torment.
You are immune to petrification.


Message History

The gnoll hits you but does no damage.
You sock the gnoll sergeant!
The gnoll sergeant is moderately wounded.
The gnoll hits you from afar with a +0 halberd.
The gnoll sergeant hits you but does no damage.
The gnoll misses you.
You barely miss the gnoll sergeant.
The gnoll sergeant is moderately wounded.
You block the gnoll sergeant's attack. You block the gnoll's attack.
You closely miss the gnoll sergeant.
The gnoll sergeant is moderately wounded.
The gnoll sergeant hits you with a +2 vampiric trident!
The gnoll hits you but does no damage.
You closely miss the gnoll sergeant.
The gnoll sergeant is moderately wounded.
The gnoll sergeant hits you with a +2 vampiric trident!
You block the gnoll's attack.
The gnoll sergeant hits you with a +2 vampiric trident.
The gnoll barely misses you.
You sock the gnoll sergeant!
The gnoll sergeant is severely wounded.
The gnoll sergeant hits you with a +2 vampiric trident.
The gnoll hits you with a +0 halberd!
You closely miss the gnoll sergeant.
The gnoll sergeant is severely wounded.
The gnoll sergeant hits you with a +2 vampiric trident!
* * * LOW HITPOINT WARNING * * *
The gnoll hits you but does no damage.
You closely miss the gnoll sergeant.
The gnoll sergeant is severely wounded.
The gnoll sergeant hits you with a +2 vampiric trident.
* * * LOW HITPOINT WARNING * * *
You block the gnoll's attack.
The gnoll sergeant hits you with a +2 vampiric trident.
* * * LOW HITPOINT WARNING * * *
You block the gnoll's attack.
Okay, then.
Okay, then.
The gnoll sergeant hits you from afar with a +2 vampiric trident!
You die...

....#)).......####....)).........
....#)###.#....###(.......>......
#...#)# #.#...†................##
#.....###.###.####.............#
#.##.......##..# #######......#≈≈
#...#.#.###.# ####......#≈≈
##...#.......#####..........#≈≈
....................#........##≈
.........#.###.#@.###..........~≈
.........#.# #g.#.###......<...##
.........#.####.#..##............
............###g##..#............
.##.....#....ggg...............#
####........g.....^..........#
#.##...!................... #.
##...†................## #
#....................#.


You could see a gnoll sergeant and 4 gnolls.

Vanquished Creatures
  A water moccasin (D:6)
  A black bear (D:6)
  A kobold brigand (D:6)
  3 bullfrogs
  2 gnoll sergeants
  4 wights
  4 jellies
  2 gnoll boudas
  A hound (D:6)
  3 orc priests
  2 iguanas (D:4)
  3 orc wizards
  A sleepcap (D:6)
  18 gnolls
  A river rat (Sewer)
  15 adders
  A shadow imp (D:5)
  A white imp (D:6)
  3 worms
  A dart slug (D:2)
  14 orcs
  7 endoplasms
  2 giant cockroaches
  2 goblins (D:1)
  4 hobgoblins
  4 jackals (D:1)
  6 quokkas
  13 ball pythons
  3 bats
  6 frilled lizards
  8 kobolds
  35 rats
172 creatures vanquished.

Vanquished Creatures (others)
  2 orc wizards (D:5)
2 creatures vanquished.

Grand Total: 174 creatures vanquished

Notes
Turn   | Place    | Note
-------+----------+-------------------------------------------
     0 | D:1      | 12sPaWn12 the Gargoyle Fighter began the quest for the Orb.
     0 | D:1      | Reached XP level 1. HP: 14/14 MP: 1/1
   181 | D:1      | Reached XP level 2. HP: 16/19 MP: 2/2
   453 | D:1      | Reached XP level 3. HP: 23/23 MP: 3/3
   691 | D:2      | Identified the amulet "Buduf" {Regen+ Dex+3}
   899 | D:2      | Found a faded altar of an unknown god.
  1013 | D:2      | Reached XP level 4. HP: 26/28 MP: 4/4
  1079 | D:2      | Reached skill level 3 in Maces & Flails
  1145 | D:2      | Found a snail-covered altar of Cheibriados.
  1611 | D:3      | Found a glowing drain.
  1629 | Sewer    | Entered a sewer
  1751 | Sewer    | Reached skill level 1 in Dodging
  1751 | Sewer    | Reached XP level 5. HP: 32/33 MP: 5/5
  1964 | Sewer    | Reached skill level 4 in Maces & Flails
  1964 | Sewer    | Reached XP level 6. HP: 24/38 MP: 6/6
  2136 | D:3      | Identified the +8 spear "Undertaker" {antimagic, rElec
                  | rCorr Int-4}
  2341 | D:4      | Reached skill level 5 in Armour
  2341 | D:4      | Reached XP level 7. HP: 26/43 MP: 7/7
  2822 | D:4      | Reached skill level 5 in Maces & Flails
  3382 | D:5      | Entered Level 5 of the Dungeon
  3524 | D:4      | Reached XP level 8. HP: 19/48 MP: 8/8
  4237 | D:5      | Reached skill level 6 in Maces & Flails
  4242 | D:5      | Reached skill level 5 in Fighting
  4430 | D:6      | Reached skill level 5 in Shields
  4462 | D:6      | Found a staircase to the Ecumenical Temple.
  4473 | Temple   | Entered the Ecumenical Temple
  4603 | Temple   | Became a worshipper of Zin the Law-Giver
  4603 | Temple   | Reached * piety under Zin
  5073 | D:6      | Reached skill level 7 in Maces & Flails
  5073 | D:6      | Reached XP level 9. HP: 54/54 MP: 9/9
  5134 | D:6      | Slain by a gnoll sergeant

Illustrated notes

Levels and vault maps discovered:
D:1:      minmay_arrival_jagged, layout_loops_ring
D:2:      layout_basic, basic_altar, shapermc_ecumenical_altar_totnotflames
D:3:      layout_basic, cheibrodos_sewer_entry_bend
D:4:      layout_loops_cross, lightli_minifort
D:5:      layout_loops_ring, pf_guarded_unrand_woodcutter
D:6:      layout_rooms, minmay_temple_entry_glassed_door, minivault_4
Temple:   mainiacjoe_temple_big_plus

Skill      XL: |  1  2  3  4  5  6  7  8 |
---------------+-------------------------+-----
Armour         | 4 5 6 |  6.9
Maces & Flails | 3 4 5 7 |  7.1
Dodging        | 1 2 3 |  3.1
Fighting       | 4 5 |  5.5
Shields        | 4 5 |  5.3

Action                     |  1- 3 |  4- 6 |  7- 9 || total
---------------------------+-------+-------+-------++-------
  Melee: Flail             |    96 |   263 |   330 ||   689
    Use: Scroll            |       |     3 |     2 ||     5
         Potion            |       |     2 |     1 ||     3
 Armour: Scale mail        |    46 |   323 |   160 ||   529
         Skin              |       |    34 |       ||    34
  Dodge: Dodged            |    56 |   275 |   165 ||   496
  Block: Buckler           |    18 |   110 |    86 ||   214

Table legend: (Time is in decaauts)
 A = Elapsed time spent in this place.
 B = Non-inter-level travel time spent in this place.
 C = Inter-level travel time spent in this place.
 D = Time resting spent in this place.
 E = Time spent auto-exploring this place.
 F = Levels seen in this place.
 G = Mean time per level.
                   A        B        C        D        E       F      G
               +--------+--------+--------+--------+--------+-----+--------+
         Total |   5328 |   5086 |    242 |      0 |   3652 |   8 |  666.0 |
       Dungeon |   4407 |   4197 |    210 |      0 |   3087 |   6 |  734.5 |
        Temple |    423 |    391 |     32 |      0 |    384 |   1 |  423.0 |
         Sewer |    498 |    498 |      0 |      0 |    181 |   1 |  498.0 |
               +--------+--------+--------+--------+--------+-----+--------+

Top non-repeatable levels by time:
     D:4: 913 daAuts
     D:2: 890 daAuts
     D:5: 868 daAuts
     D:1: 708 daAuts
     D:3: 656 daAuts
   Sewer: 498 daAuts
  Temple: 423 daAuts
     D:6: 370 daAuts
